 Dungeon Crawl Stone Soup version 0.19-a0-330-g034cfd4 (webtiles) character file.

119 epen the Gusty (level 4, -2/25 HPs)
             Began as a Deep Elf Air Elementalist on May 28, 2016.
             Killed from afar by an orc wizard (8 damage)
             ... with a puff of flame
             ... on level 4 of the Dungeon.
             The game lasted 00:07:44 (3382 turns).

epen the Gusty (Deep Elf Air Elementalist)          Turns: 3382, Time: 00:07:45

Health: -2/25      AC:  3    Str:  5    XL:     4   Next: 74%
Magic:  4/11       EV:  8    Int: 21    God:
Gold:   161        SH:  0    Dex: 15    Spells: 4 memorised, 2 levels left

rFire  . . .     SeeInvis .     o - +0 short sword
rCold  . . .     Gourm    .     a - +0 robe
rNeg   . . .     Faith    .     (no shield)
rPois  .         Spirit   .     (no helmet)
rElec  .         Dismiss  .     (no cloak)
rCorr  .         Reflect  .     p - +0 pair of gloves
SustAt .         Harm     .     (no boots)
MR     .....                    (no amulet)
Stlth  ++........               (no ring)
                                (no ring)

@: not resistant to hostile enchantments, unstealthy
A: no striking features
a: no special abilities


You were on level 4 of the Dungeon.
You were hungry.

You visited 1 branch of the dungeon, and saw 4 of its levels.

You collected 161 gold pieces.

Inventory:

Hand Weapons
 o - a +0 short sword (weapon)
Armour
 a - a +0 robe (worn)
 p - a +0 pair of gloves (worn)
 t - a cursed +0 pair of boots
Jewellery
 y - a +4 ring of strength {unknown}
 B - an uncursed ring of flight {unknown}
Scrolls
 e - 2 scrolls of identify
 h - a scroll of fog
 i - a scroll of remove curse
 n - a scroll of noise
 r - a scroll of recharging
Potions
 d - 2 potions of brilliance
 k - 2 potions of agility {unknown}
 m - 2 potions of haste {unknown}
 s - a potion of flight {unknown}
 u - a potion of heal wounds {unknown}
 v - a potion of lignification {unknown}
 w - 3 potions of might {unknown}
 z - a potion of curing {unknown}
 A - a potion of mutation {unknown}
Books
 b - a book of Air

   Spells                             Type                      Level
   a - Shock                          Conjuration/Air              1
   b - Swiftness                      Charms/Air                   2
   c - Repel Missiles                 Charms/Air                   2
   d - Static Discharge               Conjuration/Air              3
   e - Lightning Bolt                 Conjuration/Air              5
Comestibles
 c - 3 bread rations
 f - 5 meat rations
 l - a royal jelly
 x - 3 chunks of flesh


   Skills:
 + Level 1.0 Fighting
 + Level 3.3 Dodging
 - Level 2.4 Stealth
 + Level 3.8 Spellcasting
 * Level 2.6 Conjurations
 * Level 3.8 Air Magic


You had 2 spell levels left.
You knew the following spells:

 Your Spells              Type           Power        Failure   Level  Hunger
a - Shock                 Conj/Air       ###.         3%          1    None
b - Repel Missiles        Chrm/Air       ##....       12%         2    #......
c - Static Discharge      Conj/Air       ###.....     12%         3    ###....
d - Swiftness             Chrm/Air       ##......     12%         2    #......


Dungeon Overview and Level Annotations

Branches:
Dungeon (4/15)
 Temple: D:4-7

Altars:
Nemelex Xobeh

Annotations:
D:4 Eustachio


Message History

The orc wizard seems to speed up.
The howler monkey hits you but does no damage.
The howler monkey barely misses you.
The orc shouts! x2
The orc drinks a potion.
The orc suddenly seems more resistant.
The ufetubus disappears in a puff of smoke!
Found an escape hatch in the floor.
The orc wizard casts a spell.
The orc wizard flickers and vanishes!
Deactivating autopickup; reactivate with Ctrl-A.
A worm comes into view.
A puff of flame appears from out of thin air!
The puff of flame misses you.
There is an escape hatch in the floor here.
The rat bites you.
* * * LOW HITPOINT WARNING * * *
You hear some strange, mumbled words.
A puff of flame appears from out of thin air!
The puff of flame hits you!
You die...

#o###o##.#.#
#a..a.##.#.#
####..##.#.# #
#..##.#.### .#
#..##.....##.##
#...o..........
#####......w...
.......a...##.#
######..r@.#
#######


You could see a worm, a worker ant, an orc and a rat.

Vanquished Creatures
  A worker ant (D:4)
  3 adders (D:2)
  An ooze (D:2)
  3 worms
  A dart slug (D:1)
  2 giant geckos
  2 orcs (D:3)
  4 bats
  3 giant cockroaches
  6 goblins
  7 hobgoblins
  4 giant newts
  9 kobolds
  2 rats
48 creatures vanquished.

Notes
Turn   | Place    | Note
--------------------------------------------------------------
     0 | D:1      | epen the Deep Elf Air Elementalist began the quest for the Orb.
     0 | D:1      | Reached XP level 1. HP: 10/10 MP: 6/6
     3 | D:1      | Noticed an electric eel
     3 | D:1      | Noticed an electric eel
   433 | D:1      | Reached XP level 2. HP: 15/15 MP: 4/8
   850 | D:1      | You fall through a shaft!
  1161 | D:2      | Reached XP level 3. HP: 17/20 MP: 3/9
  1214 | D:2      | Learned a level 2 spell: Repel Missiles
  1218 | D:2      | Learned a level 3 spell: Static Discharge
  1221 | D:2      | Learned a level 2 spell: Swiftness
  2077 | D:2      | Reached XP level 4. HP: 24/24 MP: 3/11
  2617 | D:3      | Found a sparkling altar of Nemelex Xobeh.
  2801 | D:3      | Found a faded altar to an unknown god.
  2876 | D:3      | Reached skill level 1 in Fighting
  3288 | D:4      | Noticed Eustachio
  3382 | D:4      | Killed from afar by an orc wizard

Vault maps used:
D:1:      arrival_aquarium_b
D:2:      minmay_bisected
D:3:      nemelex_xobeh_ov_fountains_minmay, ecumenical_altar_1, uniq_sigmund
D:4:      serial_shops, shop, kennysheep_generic_room_6, uniq_eustachio,
          uniq_grinder

Skill      XL: |  1  2  3  4 |
---------------+-------------+-----
Conjurations   | 2 |  2.6
Dodging        | 3 |  3.3
Fighting       | 1 |  1.0
Stealth        | |  2.4
Spellcasting   | |  3.8
Air Magic      | |  3.8

Action                   |  1- 3 |  4- 6 || total
-------------------------+-------+-------++-------
Melee: Short sword       |     5 |    10 ||    15
 Cast: Shock             |    85 |    42 ||   127
       Static Discharge  |     2 |     1 ||     3
  Use: Scroll            |       |     8 ||     8
  Eat: Chunk             |     3 |     4 ||     7
Armor: Robe              |     4 |     5 ||     9
Dodge: Dodged            |    13 |    22 ||    35
